 Dungeon Crawl Stone Soup version 0.23-a0-386-g9c9d49f (webtiles) character file.

848 Amnesiac the Archer (level 7, -1/57 HPs)
             Began as a Centaur Hunter on Oct 28, 2018.
             Shot with an arrow by a centaur (11 damage)
             ... on level 7 of the Dungeon.
             The game lasted 00:15:34 (3141 turns).

Amnesiac the Archer (Centaur Hunter)                Turns: 3141, Time: 00:15:35

Health: -1/57      AC:  6    Str: 15    XL:     7   Next: 69%
Magic:  7/7        EV:  9    Int: 10    God:
Gold:   128        SH:  0    Dex: 11    Spells: 6/6 levels left

rFire    . . .     SeeInvis .   b - +0 scimitar
rCold    . . .     Gourm    .   (no shield)
rNeg     + . .     Faith    .   c - +0 leather armour
rPois    .         Spirit   .   (no helmet)
rElec    .         Reflect  .   (no cloak)
rCorr    .         Harm     .   (no gloves)
MR       .....                  (no barding)
Stlth    +.........             (no amulet)
HPRegen  0.19/turn              d - ring of positive energy
MPRegen  0.10/turn              k - +2 ring of protection

@: drained, very quick
A: large, hooves 3, deformed body, speed 2, tough skin 3
a: no special abilities


You were on level 7 of the Dungeon.
You were not hungry.

You visited 1 branch of the dungeon, and saw 9 of its levels.

You collected 128 gold pieces.

Inventory:

Hand Weapons
 a - a +1 shortbow
 b - a +0 scimitar (weapon)
 e - a +0 short sword
Missiles
 i - 13 sling bullets
 j - 6 arrows
Armour
 c - a +0 leather armour (worn)
Jewellery
 d - a ring of positive energy (left hand)
 k - a +2 ring of protection (right hand)
Scrolls
 m - a scroll of identify {!r}
Potions
 g - 2 potions of flight {!q}
 n - 3 potions of haste {!q}
Comestibles
 f - 5 rations
 h - 4 chunks of flesh


   Skills:
 - Level 3.3(3.1) Fighting
 * Level 11.7(11.4) Bows
 - Level 1.3(1.1) Dodging
 - Level 0.4(0.1) Stealth


You had 6 spell levels left.
You didn't know any spells.
Your spell library contained the following spells:

 Spells                   Type           Power        Failure   Level  Hunger
 Summon Butterflies       Summ           #.......     43%         1    ##.....
 Call Canine Familiar     Summ           #.......     80%         3    ####...
 Summon Ice Beast         Ice/Summ       #.......     99%         4    #####..
 Summon Mana Viper        Hex/Summ       #.......     100%        5    ######.
 Summon Hydra             Summ           #.........   100%        7    #######


Dungeon Overview and Level Annotations

Branches:
Dungeon (9/15)
 Temple: D:4-7         Lair: D:8-11         Orc: D:9-12

Altars:
Dithmenos
Elyvilon
Nemelex Xobeh
The Shining One

Shops:
D:4 !   D:5 ?   D:7 (

Annotations:
D:4 Menkaure


Innate Abilities, Weirdness & Mutations

You have hooves in place of feet.
Armour fits poorly on your strangely shaped body.
You cover ground very quickly.
You have extremely tough skin. (AC +3)


Message History

No target in view!
No target in view!
You see here an iguana corpse.
You butcher the iguana corpse.
h - 4 chunks of flesh (gained 2)
You see here an iguana skeleton.
j - an arrow
j - 2 arrows (gained 1)
j - 4 arrows (gained 2)
Found a scroll of identify.
j - 5 arrows (gained 1)
j - 6 arrows (gained 1)
You see here a robe.
m - a scroll of identify {!r} Really read
l - a scroll labeled CAESMO NICZAEHU {!r}?
As you read the scroll labeled CAESMO NICZAEHU {!r}, it crumbles to dust.
You assume a fearsome visage.
Nothing appears to happen.
It was a scroll of fear {!r}.
Unknown command.
A giant cockroach comes into view.
Found a potion of haste. 3 wights come into view.
The giant cockroach bites you.
* * * LOW HITPOINT WARNING * * *
Found 10 sling bullets.
Really read
m - a scroll of identify {!r}?
You don't have any unidentified items.
You see here a robe.
The giant cockroach bites you but does no damage.
You see here a robe.
You slash the giant cockroach!
You kill the giant cockroach!
You closely miss the wight. The wight closely misses you.
The wight hits you with a +2 short sword.
* * * LOW HITPOINT WARNING * * *
You partially resist.
You feel drained.
You hit the wight.
The wight is moderately damaged.
The wight hits you with a +2 short sword.
* * * LOW HITPOINT WARNING * * *
You partially resist.
You feel drained.
You closely miss the wight. You kick the wight.
The wight is heavily damaged.
The adder bites you but does no damage. The adder closely misses you.
A gnoll comes into view. It is wielding a +1 spear of freezing.
The gnoll shouts!
The gnoll hits you from afar with a +1 spear of freezing.
* * * LOW HITPOINT WARNING * * *
The gnoll freezes you.
* * * LOW HITPOINT WARNING * * *
Found an escape hatch in the floor.
Found Gutefea's Weapon Boutique.
You see here an arrow.
You see here an arrow.
You see here an arrow.
The centaur shouts!
The centaur shoots an arrow.
The arrow hits you.
* * * LOW HITPOINT WARNING * * *
You see here an arrow.
The centaur shoots an arrow.
The arrow barely misses you.
You see here an arrow.
The centaur shoots an arrow.
The arrow hits you!
You die...

##...## ..' #..#
##...## #### #..##
##...# ##.... #...##
#..#.# ##S..#
#z........ #..(#
#z.#.#...#. #(.(###
# #.###...
#######((..###.##
.## #......@........
.# .#
#.........##c..#..#
.#
#.........######..#
.#
#.......#.#.#.#.#.#
#.)...............#
####(#####.#.#.#.#.#
#..((# #...........#
#....# #.#.#.#.#.#.#
#....###...........#


You could see a centaur and an adder.

Vanquished Creatures
  A phantom (D:6)
  An ogre (D:5)
  2 bullfrogs
  A scorpion (D:6)
  A bullfrog zombie (D:7)
  2 centaur zombies
  2 hounds
  A gnoll shaman (D:7)
  An iguana (D:7)
  3 worker ants
  A worker ant zombie (D:6)
  8 adders
  6 gnolls
  A shadow imp (D:7)
  A white imp (D:5)
  2 worms
  5 leopard geckos
  4 orcs
  3 giant cockroaches
  A goblin (D:2)
  2 hobgoblins (D:2)
  A kobold (D:3)
  A quokka (D:2)
  2 bats (D:2)
  3 frilled lizards
  A giant cockroach zombie (D:5)
  2 goblin skeletons (D:5)
  2 hobgoblin zombies (D:5)
  4 kobold skeletons (D:5)
  An orc skeleton (D:5)
  An orc zombie (D:5)
  5 rats
72 creatures vanquished.

Notes
Turn   | Place    | Note
-------+----------+-------------------------------------------
     0 | D:1      | Amnesiac the Centaur Hunter began the quest for the Orb.
     0 | D:1      | Reached XP level 1. HP: 17/17 MP: 1/1
    23 | D:2      | Found a white marble altar of Elyvilon.
   132 | D:2      | Reached XP level 2. HP: 24/24 MP: 2/2
   157 | D:2      | You fall through a shaft!
   205 | D:3      | Found a sparkling altar of Nemelex Xobeh.
   238 | D:3      | Reached skill level 6 in Bows
   271 | D:3      | Reached XP level 3. HP: 23/30 MP: 3/3
   534 | D:4      | Found Hocoedgh's Distillery.
   534 | D:4      | Noticed a slave
   563 | D:4      | Noticed Menkaure
   581 | D:5      | Entered Level 5 of the Dungeon
   690 | D:5      | Noticed an ogre
   734 | D:5      | Killed an ogre
   734 | D:5      | Reached skill level 7 in Bows
   734 | D:5      | Reached XP level 4. HP: 29/38 MP: 4/4
   734 | D:5      | Reached XP level 5. HP: 35/45 MP: 5/5
   835 | D:5      | Found a glowing golden altar of the Shining One.
   911 | D:5      | Found Xistrick's Magic Scroll Boutique.
   986 | D:5      | Reached skill level 8 in Bows
  1114 | D:6      | Found a shadowy altar of Dithmenos.
  1114 | D:6      | Noticed a phantom
  1164 | D:6      | Killed a phantom
  1164 | D:6      | Reached skill level 9 in Bows
  1164 | D:6      | Reached XP level 6. HP: 19/51 MP: 6/6
  1508 | D:8      | Noticed a troll
  1590 | D:8      | Noticed a hungry ghost
  1618 | D:8      | Noticed a hippogriff
  1806 | D:7      | Reached skill level 10 in Bows
  1999 | D:7      | Reached XP level 7. HP: 10/57 MP: 7/7
  2545 | D:6      | Reached skill level 11 in Bows
  3123 | D:7      | Found Gutefea's Weapon Boutique.
  3141 | D:7      | Shot with an arrow by a centaur

Vault maps used:
D:1:      dpeg_arrival_tiny_e
D:2:      overflow_temple_1_default, grunt_ministairs_10, uniq_terence
D:3:      nemelex_altar_shiori
D:4:      chequers_temple_overflow_minitemple, cheibrodos_sewer_entry_drain,
          serial_shops, shop, gammafunk_ghost_cemetery, uniq_pikel,
          uniq_menkaure
D:5:      first_ration, serial_shops, shop, chequers_avenue, serial_park_tiny_1,
          nicolae_tso_besieged_by_evil, uniq_eustachio
D:6:      grunt_dithmenos_shadows, enter_ossuary_5
D:7:      minmay_temple_entry_enclosed_plants, serial_curves, eino_curves_02,
          eino_curves_04, serial_shops, shop, grunt_ogre_cave,
          nrook_mini_vaults, st_stairs_9, kennysheep_generic_room_10
D:8:      serial_bayou_pond_d

Skill      XL: |  1  2  3  4  5  6  7 |
---------------+----------------------+-----
Bows           | 6 7 9 10 11 | 11.7
Fighting       | 3 |  3.3
Dodging        | |  1.3
Stealth        | |  0.4

Action                   |  1- 3 |  4- 6 |  7- 9 || total
-------------------------+-------+-------+-------++-------
Melee: Short sword       |     7 |       |       ||     7
       Kick              |     1 |     6 |    11 ||    18
       Scimitar          |       |    35 |    39 ||    74
       Unarmed           |       |    12 |       ||    12
 Fire: Shortbow          |    72 |   111 |    42 ||   225
  Use: Scroll            |     3 |     2 |     1 ||     6
       Potion            |     1 |     8 |       ||     9
  Eat: Chunk             |       |     1 |     4 ||     5
Armor: Leather armour    |    12 |    20 |    17 ||    49
       Skin              |       |    21 |       ||    21
Dodge: Dodged            |    21 |    52 |    34 ||   107
       Rpst.: Scimitar   |       |     6 |    10 ||    16

Table legend:
 A = Non-vault XP
 B = Vault XP
 C = Vault XP percentage of total XP
 D = Non-vault monster count
 E = Vault monster count
 F = Vault count percentage of total count
                 A         B        C        D         E       F
            +---------+---------+-------+---------+---------+-------
      Total |    1004 |     208 |  17.2 |      56 |      16 |  22.2
            +---------+---------+-------+---------+---------+-------
        D:2 |      23 |       2 |   8.0 |      12 |       1 |   7.7
        D:3 |      28 |      13 |  31.7 |       7 |       1 |  12.5
        D:4 |       1 |       0 |   0.0 |       1 |       0 |   0.0
        D:5 |     200 |      21 |   9.5 |       9 |      11 |  55.0
        D:6 |     375 |     125 |  25.0 |      13 |       1 |   7.1
        D:7 |     351 |      47 |  11.8 |      12 |       2 |  14.3
        D:8 |      26 |       0 |   0.0 |       2 |       0 |   0.0
            +---------+---------+-------+---------+---------+-------
